Carnivores vs Patriotes
Created - April 16, 2019 at 22:15
Goals
|
Carnivores |
2 |
1 |
1 |
4 |
Patriotes |
2 |
2 |
3 |
7 |
|
Shots
|
Carnivores |
9 |
12 |
19 |
40 |
Patriotes |
6 |
7 |
16 |
29 |
|
1st period
1. Carnivores , Blake Geoffrion 63 (Nate Schmidt 31, T.J Brodie 23) at 5:54 (PP)
2. Carnivores , Nate Schmidt 9 (Jeremy Welsh 40, Zack Smith 24) at 7:54
3. Patriotes , Cody Eakin 33 (David Kolomatis 18) at 8:50
4. Patriotes , Tyler Randell 55 (Anthony Bitetto 19, Cody Eakin 67) at 10:59 (PP)
Penalties :
Aleksander Barkov (Nyc) for High sticking (Minor) at 4:53, T.J Brodie (Bre) for Tripping (Minor) at 10:47, Mark McNeill (Bre) for Roughing (Minor) at 15:10
2nd period
5. Patriotes , Cody Eakin 34 (Tyler Randell 51) at 11:49 (SH)
6. Carnivores , Blake Geoffrion 64 (Jeremy Williams 27, David Fischer 38) at 11:57 (PP)
7. Patriotes , Christian Hanson 32 (Timothy Kunes 48, Emerson Etem 26) at 15:55
Penalties :
Emerson Etem (Nyc) for Hooking (Minor) at 1:55, Emerson Etem (Nyc) for Hooking (Minor) at 11:30, Tyler Randell (Nyc) for Roughing (Double Minor) at 16:13
3rd period
8. Patriotes , Mario Lucia 1 (Aleksander Barkov 30, Borna Rendulic 10) at 2:58
9. Patriotes , Borna Rendulic 6 (Aleksander Barkov 31, Shane Sims 43) at 7:00
10. Patriotes , Tyler Randell 56 (Aleksander Barkov 32) at 10:02
11. Carnivores , Curtis Lazar 7 (T.J Brodie 24, Markus Granlund 37) at 16:29
Penalties :
T.J Brodie (Bre) for Boarding (Minor) at 0:39, Timothy Kunes (Nyc) for High sticking (Minor) at 4:19, Blake Geoffrion (Bre) for Tripping (Minor) at 7:05, Tyler Randell (Nyc) for Fighting (Major) at 15:26, Jeremy Williams (Bre) for Fighting (Major) at 15:26, Justin Florek (Nyc) for Boarding (Minor) at 18:27
Goalie Stats
Anders Lindback (Bre), 15 saves from 20 shots - (0.750), L, 26-21-2, 42:58 minutes
Niklas Svedberg (Bre), 7 saves from 9 shots - (0.778), 17:02 minutes
Thomas Greiss (Nyc), 36 saves from 40 shots - (0.900), W, 23-23-3, 60:00 minutes
Players Stats for Carnivores
Player Name G A P +/- PIM S H SB GA TA FO MP PP MP PK MP
------------------------------------------------------------------------------------
Blake Geoffrion 2 0 2 0 2 7 2 1 1 0 5/8 23:18 5:16 2:14
Chris Lawrence 0 0 0 -1 0 3 1 0 1 1 0/0 13:28 1:22 3:24
Curtis Lazar 1 0 1 0 0 1 0 1 0 0 3/8 11:58 1:47 0:00
David Fischer 0 1 1 -2 0 1 1 1 1 1 0/0 30:43 5:56 3:28
David Schlemko 0 0 0 0 0 0 0 0 0 0 0/0 15:49 2:04 2:44
Hunter Shinkaruk 0 0 0 -3 0 0 0 0 0 0 0/0 7:58 0:00 1:17
Jeremy Welsh 0 1 1 0 0 5 2 0 0 0 1/1 15:38 4:19 0:00
Jeremy Williams 0 1 1 -1 5 5 1 0 2 2 0/0 19:28 4:18 0:58
Mark McNeill 0 0 0 0 2 1 2 0 0 0 1/1 16:14 4:33 0:00
Markus Granlund 0 1 1 0 0 3 5 0 0 0 24/44 21:51 5:09 0:53
Mattias Backman 0 0 0 -2 0 1 1 0 0 1 0/0 19:34 3:53 0:12
Nate Schmidt 1 1 2 -2 0 1 2 1 0 0 0/0 22:09 4:20 3:28
Nicolas Kerdiles 0 0 0 -1 0 2 3 0 0 0 0/1 12:45 1:22 1:57
Nikita Alexeev 0 0 0 -3 0 1 1 1 1 0 0/0 7:48 0:00 0:58
Ryan Pulock 0 0 0 0 0 0 0 0 0 0 0/0 11:35 1:48 0:33
Sasha Pokulok 0 0 0 0 0 1 0 0 0 0 0/0 1:03 0:16 0:12
T.J Brodie 0 2 2 -2 4 4 0 0 0 0 0/0 19:19 3:37 1:41
Tyler Graovac 0 0 0 -3 0 0 0 0 0 0 3/5 7:58 0:52 0:37
Zack Smith 0 1 1 0 0 4 3 0 0 0 3/6 15:10 3:53 0:00
Players Stats for Patriotes
Player Name G A P +/- PIM S H SB GA TA FO MP PP MP PK MP
------------------------------------------------------------------------------------
Aaron Ness 0 0 0 3 0 0 1 1 0 0 0/0 8:37 0:00 0:00
Aleksander Barkov 0 3 3 2 2 4 0 0 0 0 4/13 12:14 0:00 0:00
Anthony Bitetto 0 1 1 1 0 1 2 1 0 1 0/0 29:28 3:55 6:30
Austin Watson 0 0 0 0 0 1 1 0 1 0 0/2 18:19 2:46 3:16
Borna Rendulic 1 1 2 2 0 4 1 2 0 0 1/1 12:39 0:02 0:00
Christian Hanson 1 0 1 0 0 2 1 0 0 0 3/7 18:18 2:46 3:44
Cody Eakin 2 1 3 2 0 4 2 2 1 0 18/38 25:42 3:21 5:17
David Kolomatis 0 1 1 -1 0 1 3 1 0 1 0/0 20:29 2:14 4:17
Dillon Heatherington 0 0 0 1 0 0 0 0 0 0 0/0 2:15 0:00 0:42
Emerson Etem 0 1 1 0 4 1 1 1 1 1 0/0 15:42 2:46 1:10
Jared Knight 0 0 0 1 0 0 0 0 0 0 2/2 4:18 0:00 0:00
Justin Florek 0 0 0 0 2 0 1 1 0 0 2/4 18:01 3:21 1:09
Mario Lucia 1 0 1 2 0 2 0 0 0 0 0/0 13:03 0:00 0:48
Maxim Mamin 0 0 0 0 0 0 0 0 0 0 1/2 4:24 0:00 3:34
Riley Barber 0 0 0 1 0 0 1 0 0 0 0/0 4:18 0:00 0:00
Robert Baillargeon 0 0 0 0 0 0 0 0 0 1 0/0 0:43 0:02 0:19
Ryan Fitzgerald 0 0 0 0 0 0 0 0 0 0 1/1 2:36 0:02 0:00
Shane Sims 0 1 1 -1 0 3 0 1 0 0 0/0 19:40 2:14 3:45
Shea Theodore 0 0 0 3 0 0 0 1 0 1 0/0 10:00 0:00 0:54
Timothy Kunes 0 1 1 2 2 2 4 1 1 0 0/0 29:59 3:55 5:46
Tyler Randell 2 1 3 1 9 4 0 1 1 1 2/4 18:11 3:21 2:37
3 Stars
1 - Cody Eakin (Nyc)
2 - Borna Rendulic (Nyc)
3 - Aleksander Barkov (Nyc)
Power Play
Carnivores - 2 on 7 Attempt(s) - 28.57%
Patriotes - 1 on 4 Attempt(s) - 25.00%
Penalty Kill
Carnivores - 3 on 4 Attempt(s) - 75.00%
- Score 0 goal in Penalty Kill
Patriotes - 5 on 7 Attempt(s) - 71.43%
- Score 1 goal in Penalty Kill
Team Stat
Carnivores - Hits : 24 - Faceoff Wins : 40 - Blocked Shots : 5 - Penalty Minutes : 13
Patriotes - Hits : 18 - Faceoff Wins : 34 - Blocked Shots : 13 - Penalty Minutes : 19
Official
Referees : Unknown
Linesman : Unknown
Game Notes
Ryan Pulock is injured at 8:58 of 2nd period (Right Leg)
Niklas Svedberg enters game at 2:58 of 3rd period
Tyler Randell and Jeremy Williams fight to a draw at 15:26 of 3rd period
Finance
Level 1 -- Attendance: 1448 (72.40%) -- Ticket Income $57,920
Level 2 -- Attendance: 727 (72.70%) -- Ticket Income $14,540
Total Attendance: 2175 (72.50%)
Total Ticket Income: $72,460
Other Income: $3,623
Total Income: $76,083
Carnivores
5 vs 5 Forward
Center Left Wing Right Wing Time % Phy DF OF
1 Markus Granlund Blake Geoffrion Jeremy Williams 40 1 2 2
2 Zack Smith Jeremy Welsh Mark McNeill 30 1 2 2
3 Curtis Lazar Nicolas Kerdiles Chris Lawrence 20 1 2 2
4 Tyler Graovac Hunter Shinkaruk Nikita Alexeev 10 1 2 2
5 vs 5 Defense
Defense Defense Time % Phy DF OF
1 Ryan Pulock David Fischer 40 1 2 2
2 Nate Schmidt T.J Brodie 30 1 2 2
3 Mattias Backman David Schlemko 20 1 2 2
4 David Schlemko David Fischer 10 1 2 2
PowerPlay Forward
Center Left Wing Right Wing Time % Phy DF OF
1 Markus Granlund Blake Geoffrion Jeremy Williams 60 1 2 2
2 Zack Smith Jeremy Welsh Mark McNeill 40 1 2 2
PowerPlay Defense
Defense Defense Time % Phy DF OF
1 Ryan Pulock David Fischer 60 1 2 2
2 Nate Schmidt T.J Brodie 40 1 2 2
Penalty Kill 4 Players Forward
Center Wing Time % Phy DF OF
1 Blake Geoffrion Chris Lawrence 60 1 2 2
2 Jeremy Williams Nikita Alexeev 40 1 2 2
Penalty Kill 4 Players Defense
Defense Defense Time % Phy DF OF
1 Nate Schmidt David Fischer 60 1 2 2
2 Nate Schmidt T.J Brodie 40 1 2 2
Penalty Kill - 3 Players Forward
Forward Time % Phy DF OF
1 Blake Geoffrion 60 1 2 2
2 Chris Lawrence 40 1 2 2
Penalty Kill - 3 Players Defense
Defense Defense Time % Phy DF OF
1 Nate Schmidt David Fischer 60 1 2 2
2 Nate Schmidt T.J Brodie 40 1 2 2
4 vs 4 Forward
Center Wing Time % Phy DF OF
1 Blake Geoffrion Chris Lawrence 60 1 2 2
2 Jeremy Williams Nikita Alexeev 40 1 2 2
4 vs 4 Defense
Defense Defense Time % Phy DF OF
1 Ryan Pulock David Fischer 60 1 2 2
2 Nate Schmidt T.J Brodie 40 1 2 2
Last Minutes Offensive
Center Left Wing Right Wing Defense Defense
Zack Smith Blake Geoffrion Chris Lawrence Nate Schmidt David Fischer
Last Minutes Defensive
Center Left Wing Right Wing Defense Defense
Zack Smith Blake Geoffrion Chris Lawrence Nate Schmidt David Fischer
Goaltenders
Starting : Anders Lindback
Backup : Niklas Svedberg
Extra Forwards
Normal : Curtis Lazar, Mark McNeill, Nicolas Kerdiles - PP : Curtis Lazar, Mark McNeill - PK : Nicolas Kerdiles
Extra Defensemen
Normal : Mattias Backman, Ryan Pulock, David Schlemko - PP : Mattias Backman - PK : Ryan Pulock, David Schlemko
Penalty Shots
Blake Geoffrion, Chris Lawrence, Jeremy Williams, Nikita Alexeev, Zack Smith
Scratches
Scott Laughton (Right Forearm Injury), Adam Almquist (Healthy), Mat Clark (Broken Bone (Right Arm) Injury), Stanislav Galiev (Healthy), Mark MacMillan (Healthy)
Troy Bourke (Healthy), Alexandre Mallet (Healthy), Michael Schumacher (Healthy), Elias Lindholm (Torn Right ACL Injury), Tristan Jarry (Healthy)
Patriotes
5 vs 5 Forward
Center Left Wing Right Wing Time % Phy DF OF
1 Cody Eakin Justin Florek Tyler Randell 40 1 2 2
2 Christian Hanson Austin Watson Emerson Etem 30 1 2 2
3 Aleksander Barkov Mario Lucia Borna Rendulic 20 1 2 2
4 Jared Knight Cody Eakin Riley Barber 10 1 2 2
5 vs 5 Defense
Defense Defense Time % Phy DF OF
1 Timothy Kunes Anthony Bitetto 40 1 2 2
2 Shane Sims David Kolomatis 30 1 2 2
3 Aaron Ness Shea Theodore 20 1 2 2
4 Dillon Heatherington Timothy Kunes 10 1 2 2
PowerPlay Forward
Center Left Wing Right Wing Time % Phy DF OF
1 Cody Eakin Justin Florek Tyler Randell 60 1 2 2
2 Christian Hanson Austin Watson Emerson Etem 40 1 2 2
PowerPlay Defense
Defense Defense Time % Phy DF OF
1 Timothy Kunes Anthony Bitetto 60 1 2 2
2 Shane Sims David Kolomatis 40 1 2 2
Penalty Kill 4 Players Forward
Center Wing Time % Phy DF OF
1 Cody Eakin Tyler Randell 60 1 2 2
2 Christian Hanson Emerson Etem 40 1 2 2
Penalty Kill 4 Players Defense
Defense Defense Time % Phy DF OF
1 Timothy Kunes Anthony Bitetto 60 1 2 2
2 Shane Sims David Kolomatis 40 1 2 2
Penalty Kill - 3 Players Forward
Forward Time % Phy DF OF
1 Cody Eakin 60 1 2 2
2 Tyler Randell 40 1 2 2
Penalty Kill - 3 Players Defense
Defense Defense Time % Phy DF OF
1 Timothy Kunes Anthony Bitetto 60 1 2 2
2 Shane Sims David Kolomatis 40 1 2 2
4 vs 4 Forward
Center Wing Time % Phy DF OF
1 Cody Eakin Tyler Randell 60 1 2 2
2 Christian Hanson Emerson Etem 40 1 2 2
4 vs 4 Defense
Defense Defense Time % Phy DF OF
1 Timothy Kunes Anthony Bitetto 60 1 2 2
2 Shane Sims David Kolomatis 40 1 2 2
Last Minutes Offensive
Center Left Wing Right Wing Defense Defense
Cody Eakin Justin Florek Tyler Randell Timothy Kunes Anthony Bitetto
Last Minutes Defensive
Center Left Wing Right Wing Defense Defense
Cody Eakin Justin Florek Tyler Randell Timothy Kunes Anthony Bitetto
Goaltenders
Starting : Thomas Greiss
Backup : Andrei Vasilevskiy
Extra Forwards
Normal : Ryan Fitzgerald, Robert Baillargeon, Maxim Mamin - PP : Ryan Fitzgerald, Robert Baillargeon - PK : Maxim Mamin
Extra Defensemen
Normal : Aaron Ness, Shea Theodore, Dillon Heatherington - PP : Aaron Ness - PK : Shea Theodore, Dillon Heatherington
Penalty Shots
Cody Eakin, Tyler Randell, Christian Hanson, Emerson Etem, Aleksander Barkov
Scratches
Jason Zucker (Strained Back Injury), Matt Calvert (Healthy), Dale Weise (Healthy), Phoenix Copley (Healthy)
% Time on Ice - Carnivores
Lines # - Real PCT - Wanted PCT - Time Play
Normal Forward
1 - 37% - 40% - 16:03
2 - 27% - 30% - 11:42
3 - 20% - 20% - 8:42
4 - 15% - 10% - 6:27
Normal Defense
1 - 45% - 40% - 19:26
2 - 33% - 30% - 14:03
3 - 17% - 20% - 7:27
4 - 5% - 10% - 1:58
PP Forward
1 - 59% - 60% - 6:30
2 - 41% - 40% - 4:27
PP Defense
1 - 67% - 60% - 7:20
2 - 33% - 40% - 3:37
PK Forward
1 - 84% - 60% - 5:11
2 - 16% - 40% - 0:58
PK Defense
1 - 56% - 60% - 3:28
2 - 44% - 40% - 2:41
PK3 Forward
1 - 0% - 60%
2 - 0% - 40%
PK3 Defense
1 - 0% - 60%
2 - 0% - 40%
44 Forward
1 - 0% - 60%
2 - 0% - 40%
44 Defense
1 - 0% - 60%
2 - 0% - 40%
Last Minute Offensive - 0:00
Last Minute Defensive - 0:00
Total
Forward - 60:00
Defense - 60:00
|
% Time on Ice - Patriotes
Lines # - Real PCT - Wanted PCT - Time Play
Normal Forward
1 - 34% - 40% - 14:33
2 - 28% - 30% - 11:48
3 - 29% - 20% - 12:15
4 - 10% - 10% - 4:18
Normal Defense
1 - 44% - 40% - 19:03
2 - 32% - 30% - 13:41
3 - 20% - 20% - 8:37
4 - 4% - 10% - 1:33
PP Forward
1 - 55% - 60% - 3:23
2 - 45% - 40% - 2:46
PP Defense
1 - 64% - 60% - 3:55
2 - 36% - 40% - 2:14
PK Forward
1 - 85% - 60% - 9:21
2 - 15% - 40% - 1:36
PK Defense
1 - 66% - 60% - 7:12
2 - 34% - 40% - 3:45
PK3 Forward
1 - 0% - 60%
2 - 0% - 40%
PK3 Defense
1 - 0% - 60%
2 - 0% - 40%
44 Forward
1 - 0% - 60%
2 - 0% - 40%
44 Defense
1 - 0% - 60%
2 - 0% - 40%
Last Minute Offensive - 0:00
Last Minute Defensive - 0:00
Total
Forward - 60:00
Defense - 60:00
|
Play-by-Play
1st period
0:01 of 1st period - Cody Eakin wins face-off versus Markus Granlund in neutral zone.
0:12 of 1st period - Wrist shot by Tyler Randell.
0:12 of 1st period - Shot Misses the Net.
0:14 of 1st period - Wrist shot by Cody Eakin.
0:14 of 1st period - Deflect By David Fischer.
0:14 of 1st period - Shot Blocked by David Fischer.
0:14 of 1st period - Puck is out of play.
0:15 of 1st period - Mark McNeill wins face-off versus Christian Hanson in Carnivores zone.
0:24 of 1st period - Emerson Etem is hit by Zack Smith and loses puck.
0:39 of 1st period - Icing by Austin Watson.
0:40 of 1st period - Borna Rendulic wins face-off versus Curtis Lazar in Patriotes zone.
0:40 of 1st period - Borna Rendulic is hit by Nicolas Kerdiles.
0:43 of 1st period - Icing by Shane Sims.
0:44 of 1st period - Curtis Lazar wins face-off versus Aleksander Barkov in Patriotes zone.
1:58 of 1st period - Shane Sims is hit by Mark McNeill and loses puck.
2:08 of 1st period - Icing by Zack Smith.
2:09 of 1st period - Zack Smith wins face-off versus Aleksander Barkov in Carnivores zone.
2:16 of 1st period - Jeremy Williams is hit by Borna Rendulic and loses puck.
2:57 of 1st period - Slapshot by Cody Eakin.
2:57 of 1st period - Stopped by Anders Lindback with a rebound.
3:08 of 1st period - Off-side.
3:09 of 1st period - Markus Granlund wins face-off versus Aleksander Barkov in neutral zone.
3:12 of 1st period - Aleksander Barkov is hit by Markus Granlund and loses puck.
3:42 of 1st period - Slapshot by David Fischer.
3:42 of 1st period - Shot Misses the Net.
3:44 of 1st period - Wrist shot by Zack Smith.
3:44 of 1st period - Shot Misses the Net.
4:20 of 1st period - T.J Brodie is hit by Timothy Kunes and loses puck.
4:53 of 1st period - Minor Penalty to Aleksander Barkov for High sticking.
4:54 of 1st period - Cody Eakin wins face-off versus Markus Granlund in Patriotes zone.
5:07 of 1st period - Slapshot by Tyler Randell.
5:07 of 1st period - Shot Misses the Net.
5:09 of 1st period - Slapshot by Timothy Kunes.
5:09 of 1st period - Stopped by Anders Lindback without a rebound.
5:10 of 1st period - Markus Granlund wins face-off versus Cody Eakin in Carnivores zone.
5:17 of 1st period - Wrist shot by Blake Geoffrion.
5:17 of 1st period - Shot Misses the Net.
5:33 of 1st period - Timothy Kunes is hit by Jeremy Welsh and loses puck.
5:38 of 1st period - Wrist shot by Jeremy Welsh.
5:38 of 1st period - Stopped by Thomas Greiss with a rebound.
5:40 of 1st period - Slapshot by Zack Smith.
5:40 of 1st period - Stopped by Thomas Greiss without a rebound.
5:41 of 1st period - Markus Granlund wins face-off versus Tyler Randell in Patriotes zone.
5:48 of 1st period - Wrist shot by Blake Geoffrion.
5:48 of 1st period - Shot Blocked by Cody Eakin.
5:50 of 1st period - Slapshot by T.J Brodie.
5:50 of 1st period - Stopped by Thomas Greiss with a rebound.
5:52 of 1st period - Slapshot by Nate Schmidt.
5:52 of 1st period - Shot Blocked by David Kolomatis.
5:54 of 1st period - Wrist shot by Blake Geoffrion.
5:54 of 1st period - Goal by Blake Geoffrion - Carnivores : 1 - Patriotes : 0.
5:55 of 1st period - Blake Geoffrion wins face-off versus Cody Eakin in neutral zone.
6:21 of 1st period - Christian Hanson is hit by Zack Smith and loses puck.
6:48 of 1st period - Snap shot by Aleksander Barkov.
6:48 of 1st period - Stopped by Anders Lindback with a rebound.
7:06 of 1st period - Wrist shot by Nikita Alexeev.
7:06 of 1st period - Stopped by Thomas Greiss with a rebound.
7:28 of 1st period - Slapshot by Tyler Randell.
7:28 of 1st period - Stopped by Anders Lindback with a rebound.
7:46 of 1st period - Wrist shot by Zack Smith.
7:46 of 1st period - Shot Misses the Net.
7:48 of 1st period - Snap shot by Mark McNeill.
7:48 of 1st period - Shot Misses the Net.
7:50 of 1st period - Wrist shot by Zack Smith.
7:50 of 1st period - Deflect By Mark McNeill.
7:50 of 1st period - Shot Misses the Net.
7:50 of 1st period - Puck is out of play.
7:51 of 1st period - Zack Smith wins face-off versus Cody Eakin in Patriotes zone.
7:52 of 1st period - Wrist shot by Jeremy Welsh.
7:52 of 1st period - Shot Blocked by Timothy Kunes.
7:54 of 1st period - Slapshot by Nate Schmidt.
7:54 of 1st period - Goal by Nate Schmidt - Carnivores : 2 - Patriotes : 0.
7:55 of 1st period - Markus Granlund wins face-off versus Cody Eakin in neutral zone.
8:06 of 1st period - Wrist shot by Cody Eakin.
8:06 of 1st period - Shot Misses the Net.
8:43 of 1st period - Nate Schmidt is hit by David Kolomatis and loses puck.
8:50 of 1st period - Snap shot by Cody Eakin.
8:50 of 1st period - Goal by Cody Eakin - Carnivores : 2 - Patriotes : 1.
8:51 of 1st period - Cody Eakin wins face-off versus Markus Granlund in neutral zone.
10:12 of 1st period - Wrist shot by Jeremy Williams.
10:12 of 1st period - Shot Blocked by Tyler Randell.
10:47 of 1st period - Minor Penalty to T.J Brodie for Tripping.
10:48 of 1st period - Justin Florek wins face-off versus Blake Geoffrion in Carnivores zone.
10:57 of 1st period - Snap shot by Tyler Randell.
10:57 of 1st period - Shot Blocked by Blake Geoffrion.
10:59 of 1st period - Snap shot by Anthony Bitetto.
10:59 of 1st period - Deflect By Tyler Randell.
10:59 of 1st period - Goal by Tyler Randell - Carnivores : 2 - Patriotes : 2.
11:00 of 1st period - Markus Granlund wins face-off versus Cody Eakin in neutral zone.
11:03 of 1st period - Wrist shot by Blake Geoffrion.
11:03 of 1st period - Shot Misses the Net.
11:49 of 1st period - Icing by Shea Theodore.
11:50 of 1st period - Markus Granlund wins face-off versus Aleksander Barkov in Patriotes zone.
11:51 of 1st period - Wrist shot by Blake Geoffrion.
11:51 of 1st period - Shot Hit the Post.
12:24 of 1st period - Slapshot by Mark McNeill.
12:24 of 1st period - Shot Blocked by Justin Florek.
12:26 of 1st period - Slapshot by Nate Schmidt.
12:26 of 1st period - Deflect By Jeremy Welsh.
12:26 of 1st period - Stopped by Thomas Greiss without a rebound.
12:27 of 1st period - Markus Granlund wins face-off versus Austin Watson in Patriotes zone.
12:28 of 1st period - Wrist shot by Blake Geoffrion.
12:28 of 1st period - Stopped by Thomas Greiss with a rebound.
13:55 of 1st period - Aaron Ness is hit by Markus Granlund and loses puck.
14:12 of 1st period - Zack Smith is hit by Aaron Ness and loses puck.
14:41 of 1st period - Emerson Etem is hit by Markus Granlund and loses puck.
15:04 of 1st period - Wrist shot by Tyler Randell.
15:04 of 1st period - Shot Misses the Net.
15:10 of 1st period - Minor Penalty to Mark McNeill for Roughing.
15:11 of 1st period - Blake Geoffrion wins face-off versus Cody Eakin in Carnivores zone.
16:08 of 1st period - David Kolomatis is hit by Jeremy Williams and loses puck.
17:10 of 1st period - Penalty to Mark McNeill is over, Mark McNeill is back on ice.
17:25 of 1st period - Borna Rendulic is hit by Nikita Alexeev and loses puck.
18:23 of 1st period - Slapshot by Ryan Pulock.
18:23 of 1st period - Deflect By Chris Lawrence.
18:23 of 1st period - Shot Misses the Net.
18:23 of 1st period - Puck is out of play.
18:24 of 1st period - Cody Eakin wins face-off versus Curtis Lazar in Patriotes zone.
18:47 of 1st period - Snap shot by Christian Hanson.
18:47 of 1st period - Shot Misses the Net.
18:49 of 1st period - Snap shot by Austin Watson.
18:49 of 1st period - Shot Blocked by Curtis Lazar.
18:51 of 1st period - Slapshot by Shane Sims.
18:51 of 1st period - Shot Misses the Net.
19:03 of 1st period - Snap shot by Markus Granlund.
19:03 of 1st period - Shot Misses the Net.
19:09 of 1st period - Wrist shot by Blake Geoffrion.
19:09 of 1st period - Stopped by Thomas Greiss without a rebound.
19:10 of 1st period - Cody Eakin wins face-off versus Markus Granlund in Patriotes zone.
Goals for this period are 2 for Carnivores vs 2 for Patriotes.
Shots for this period are 9 for Carnivores vs 6 for Patriotes.
2nd period
0:01 of 2nd period - Cody Eakin wins face-off versus Markus Granlund in neutral zone.
0:01 of 2nd period - Timothy Kunes is hit by Markus Granlund and loses puck.
0:30 of 2nd period - Wrist shot by Emerson Etem.
0:30 of 2nd period - Stopped by Anders Lindback with a rebound.
1:08 of 2nd period - Icing by Shane Sims.
1:09 of 2nd period - Jared Knight wins face-off versus Tyler Graovac in Patriotes zone.
1:48 of 2nd period - Blake Geoffrion is hit by Anthony Bitetto.
1:55 of 2nd period - Minor Penalty to Emerson Etem for Hooking.
1:56 of 2nd period - Markus Granlund wins face-off versus Cody Eakin in Patriotes zone.
1:59 of 2nd period - Snap shot by Jeremy Williams.
1:59 of 2nd period - Shot Misses the Net.
2:11 of 2nd period - Slapshot by Ryan Pulock.
2:11 of 2nd period - Deflect By Jeremy Williams.
2:11 of 2nd period - Stopped by Thomas Greiss with a rebound.
3:55 of 2nd period - Penalty to Emerson Etem is over, Emerson Etem is back on ice.
4:10 of 2nd period - Wrist shot by Nikita Alexeev.
4:10 of 2nd period - Shot Misses the Net.
4:12 of 2nd period - Slapshot by T.J Brodie.
4:12 of 2nd period - Stopped by Thomas Greiss with a rebound.
4:14 of 2nd period - Slapshot by T.J Brodie.
4:14 of 2nd period - Stopped by Thomas Greiss with a rebound.
4:16 of 2nd period - Slapshot by T.J Brodie.
4:16 of 2nd period - Shot Blocked by Shea Theodore.
4:28 of 2nd period - David Schlemko is hit by Riley Barber and loses puck.
5:10 of 2nd period - Snap shot by Jared Knight.
5:10 of 2nd period - Shot Misses the Net.
5:41 of 2nd period - David Schlemko is hit by Timothy Kunes.
5:51 of 2nd period - Christian Hanson is hit by Nicolas Kerdiles and loses puck.
6:57 of 2nd period - David Fischer is hit by Christian Hanson and loses puck.
7:33 of 2nd period - Shea Theodore is hit by Nate Schmidt.
7:49 of 2nd period - Timothy Kunes is hit by Nate Schmidt and loses puck.
8:08 of 2nd period - Snap shot by Zack Smith.
8:08 of 2nd period - Stopped by Thomas Greiss with a rebound.
8:10 of 2nd period - Snap shot by Jeremy Welsh.
8:10 of 2nd period - Shot Blocked by Anthony Bitetto.
8:12 of 2nd period - Wrist shot by Jeremy Welsh.
8:12 of 2nd period - Stopped by Thomas Greiss without a rebound.
8:13 of 2nd period - Aleksander Barkov wins face-off versus Curtis Lazar in Patriotes zone.
8:13 of 2nd period - Aleksander Barkov is hit by Chris Lawrence.
8:23 of 2nd period - Wrist shot by Nicolas Kerdiles.
8:23 of 2nd period - Shot Blocked by Shane Sims.
8:39 of 2nd period - Jeremy Welsh is hit by David Kolomatis and loses puck.
8:44 of 2nd period - Snap shot by Christian Hanson.
8:44 of 2nd period - Shot Misses the Net.
8:57 of 2nd period - Ryan Pulock is hit by Timothy Kunes and loses puck.
8:58 of 2nd period - Ryan Pulock from Carnivores is injured at 8:58 of 2nd period (Right Leg).
8:59 of 2nd period - Cody Eakin wins face-off versus Markus Granlund in Carnivores zone.
9:04 of 2nd period - Slapshot by Tyler Randell.
9:04 of 2nd period - Shot Misses the Net.
9:48 of 2nd period - Wrist shot by Chris Lawrence.
9:48 of 2nd period - Stopped by Thomas Greiss without a rebound.
9:49 of 2nd period - Curtis Lazar wins face-off versus Aleksander Barkov in Patriotes zone.
9:57 of 2nd period - Icing by Mario Lucia.
9:58 of 2nd period - Aleksander Barkov wins face-off versus Markus Granlund in Patriotes zone.
10:05 of 2nd period - Snap shot by Aleksander Barkov.
10:05 of 2nd period - Shot Misses the Net.
10:07 of 2nd period - Snap shot by Borna Rendulic.
10:07 of 2nd period - Stopped by Anders Lindback with a rebound.
10:15 of 2nd period - Mario Lucia is hit by Markus Granlund and loses puck.
10:44 of 2nd period - Snap shot by Aleksander Barkov.
10:44 of 2nd period - Stopped by Anders Lindback without a rebound.
10:45 of 2nd period - Cody Eakin wins face-off versus Curtis Lazar in Carnivores zone.
10:48 of 2nd period - Backhand shot by Cody Eakin.
10:48 of 2nd period - Shot Misses the Net.
10:54 of 2nd period - Slapshot by T.J Brodie.
10:54 of 2nd period - Stopped by Thomas Greiss without a rebound.
10:55 of 2nd period - Tyler Randell wins face-off versus Markus Granlund in Patriotes zone.
11:05 of 2nd period - Wrist shot by Cody Eakin.
11:05 of 2nd period - Shot Blocked by Nate Schmidt.
11:23 of 2nd period - Slapshot by Nate Schmidt.
11:23 of 2nd period - Shot Misses the Net.
11:25 of 2nd period - Wrist shot by Jeremy Welsh.
11:25 of 2nd period - Shot Misses the Net.
11:27 of 2nd period - Wrist shot by Mark McNeill.
11:27 of 2nd period - Stopped by Thomas Greiss without a rebound.
11:28 of 2nd period - Christian Hanson wins face-off versus Zack Smith in Patriotes zone.
11:30 of 2nd period - Minor Penalty to Emerson Etem for Hooking.
11:31 of 2nd period - Tyler Randell wins face-off versus Markus Granlund in Patriotes zone.
11:41 of 2nd period - Off-side.
11:42 of 2nd period - Cody Eakin wins face-off versus Blake Geoffrion in neutral zone.
11:49 of 2nd period - Snap shot by Cody Eakin.
11:49 of 2nd period - Goal by Cody Eakin - Carnivores : 2 - Patriotes : 3.
11:50 of 2nd period - Markus Granlund wins face-off versus Cody Eakin in neutral zone.
11:57 of 2nd period - Wrist shot by Blake Geoffrion.
11:57 of 2nd period - Goal by Blake Geoffrion - Carnivores : 3 - Patriotes : 3.
11:58 of 2nd period - Markus Granlund wins face-off versus Cody Eakin in neutral zone.
12:09 of 2nd period - Slapshot by Anthony Bitetto.
12:09 of 2nd period - Deflect By Tyler Randell.
12:09 of 2nd period - Shot Misses the Net.
12:09 of 2nd period - Puck is out of play.
12:10 of 2nd period - Markus Granlund wins face-off versus Cody Eakin in Carnivores zone.
12:15 of 2nd period - Wrist shot by Jeremy Williams.
12:15 of 2nd period - Stopped by Thomas Greiss without a rebound.
12:16 of 2nd period - Markus Granlund wins face-off versus Cody Eakin in Patriotes zone.
12:28 of 2nd period - Off-side.
12:29 of 2nd period - Cody Eakin wins face-off versus Markus Granlund in neutral zone.
12:32 of 2nd period - Snap shot by Cody Eakin.
12:32 of 2nd period - Stopped by Anders Lindback with a rebound.
12:59 of 2nd period - Nate Schmidt is hit by Anthony Bitetto and loses puck.
14:17 of 2nd period - Emerson Etem is hit by Mark McNeill and loses puck.
14:22 of 2nd period - Slapshot by T.J Brodie.
14:22 of 2nd period - Shot Blocked by Emerson Etem.
14:24 of 2nd period - Snap shot by Jeremy Welsh.
14:24 of 2nd period - Shot Misses the Net.
14:26 of 2nd period - Slapshot by Jeremy Welsh.
14:26 of 2nd period - Stopped by Thomas Greiss with a rebound.
14:40 of 2nd period - Wrist shot by Chris Lawrence.
14:40 of 2nd period - Shot Misses the Net.
14:42 of 2nd period - Wrist shot by Chris Lawrence.
14:42 of 2nd period - Deflect By Borna Rendulic.
14:42 of 2nd period - Shot Blocked by Borna Rendulic.
14:42 of 2nd period - Puck is out of play.
14:43 of 2nd period - Markus Granlund wins face-off versus Aleksander Barkov in Patriotes zone.
15:53 of 2nd period - Slapshot by Timothy Kunes.
15:53 of 2nd period - Stopped by Anders Lindback with a rebound.
15:55 of 2nd period - Backhand shot by Timothy Kunes.
15:55 of 2nd period - Deflect By Christian Hanson.
15:55 of 2nd period - Goal by Christian Hanson - Carnivores : 3 - Patriotes : 4.
15:56 of 2nd period - Cody Eakin wins face-off versus Markus Granlund in neutral zone.
16:06 of 2nd period - Snap shot by Jeremy Williams.
16:06 of 2nd period - Stopped by Thomas Greiss without a rebound.
16:07 of 2nd period - Markus Granlund wins face-off versus Cody Eakin in Patriotes zone.
16:13 of 2nd period - Double Minor Penalty to Tyler Randell for Roughing.
16:14 of 2nd period - Maxim Mamin wins face-off versus Markus Granlund in Patriotes zone.
16:40 of 2nd period - David Fischer is hit by Austin Watson.
18:34 of 2nd period - Chris Lawrence is hit by Cody Eakin.
19:32 of 2nd period - Anthony Bitetto is hit by Nicolas Kerdiles and loses puck.
Goals for this period are 1 for Carnivores vs 2 for Patriotes.
Shots for this period are 12 for Carnivores vs 7 for Patriotes.
3rd period
0:01 of 3rd period - Cody Eakin wins face-off versus Blake Geoffrion in neutral zone.
0:13 of 3rd period - Penalty to Tyler Randell is over, Tyler Randell is back on ice.
0:34 of 3rd period - Wrist shot by Christian Hanson.
0:34 of 3rd period - Stopped by Anders Lindback with a rebound.
0:36 of 3rd period - Wrist shot by Christian Hanson.
0:36 of 3rd period - Deflect By Austin Watson.
0:36 of 3rd period - Stopped by Anders Lindback without a rebound.
0:37 of 3rd period - Curtis Lazar wins face-off versus Cody Eakin in Carnivores zone.
0:39 of 3rd period - Minor Penalty to T.J Brodie for Boarding.
0:40 of 3rd period - Blake Geoffrion wins face-off versus Justin Florek in Carnivores zone.
0:50 of 3rd period - Snap shot by Tyler Randell.
0:50 of 3rd period - Stopped by Anders Lindback without a rebound.
0:51 of 3rd period - Blake Geoffrion wins face-off versus Cody Eakin in Carnivores zone.
2:39 of 3rd period - Penalty to T.J Brodie is over, T.J Brodie is back on ice.
2:52 of 3rd period - Slapshot by Borna Rendulic.
2:52 of 3rd period - Stopped by Anders Lindback without a rebound.
2:53 of 3rd period - Aleksander Barkov wins face-off versus Zack Smith in Carnivores zone.
2:54 of 3rd period - Snap shot by Borna Rendulic.
2:54 of 3rd period - Stopped by Anders Lindback with a rebound.
2:56 of 3rd period - Snap shot by Aleksander Barkov.
2:56 of 3rd period - Stopped by Anders Lindback with a rebound.
2:58 of 3rd period - Slapshot by Mario Lucia.
2:58 of 3rd period - Goal by Mario Lucia - Carnivores : 3 - Patriotes : 5.
2:58 of 3rd period - Niklas Svedberg enters game.
2:59 of 3rd period - Markus Granlund wins face-off versus Cody Eakin in neutral zone.
2:59 of 3rd period - Markus Granlund is hit by Cody Eakin.
3:12 of 3rd period - Icing by Anthony Bitetto.
3:13 of 3rd period - Markus Granlund wins face-off versus Cody Eakin in Patriotes zone.
3:14 of 3rd period - Snap shot by Jeremy Williams.
3:14 of 3rd period - Stopped by Thomas Greiss with a rebound.
3:44 of 3rd period - Wrist shot by Cody Eakin.
3:44 of 3rd period - Shot Misses the Net.
3:50 of 3rd period - David Fischer is hit by Timothy Kunes and loses puck.
4:14 of 3rd period - Snap shot by Jeremy Williams.
4:14 of 3rd period - Shot Misses the Net.
4:19 of 3rd period - Minor Penalty to Timothy Kunes for High sticking.
4:20 of 3rd period - Christian Hanson wins face-off versus Zack Smith in Patriotes zone.
4:52 of 3rd period - T.J Brodie is hit by Emerson Etem and loses puck.
6:13 of 3rd period - Icing by Mattias Backman.
6:14 of 3rd period - Tyler Graovac wins face-off versus Maxim Mamin in Carnivores zone.
6:19 of 3rd period - Penalty to Timothy Kunes is over, Timothy Kunes is back on ice.
7:00 of 3rd period - Wrist shot by Borna Rendulic.
7:00 of 3rd period - Goal by Borna Rendulic - Carnivores : 3 - Patriotes : 6.
7:01 of 3rd period - Cody Eakin wins face-off versus Markus Granlund in neutral zone.
7:05 of 3rd period - Minor Penalty to Blake Geoffrion for Tripping.
7:06 of 3rd period - Justin Florek wins face-off versus Nicolas Kerdiles in Carnivores zone.
9:05 of 3rd period - Penalty to Blake Geoffrion is over, Blake Geoffrion is back on ice.
9:26 of 3rd period - Icing by David Fischer.
9:27 of 3rd period - Markus Granlund wins face-off versus Aleksander Barkov in Carnivores zone.
9:34 of 3rd period - Slapshot by David Fischer.
9:34 of 3rd period - Deflect By Aleksander Barkov.
9:34 of 3rd period - Stopped by Thomas Greiss without a rebound.
9:35 of 3rd period - Zack Smith wins face-off versus Aleksander Barkov in Patriotes zone.
9:40 of 3rd period - Wrist shot by Jeremy Welsh.
9:40 of 3rd period - Stopped by Thomas Greiss with a rebound.
9:42 of 3rd period - Snap shot by Zack Smith.
9:42 of 3rd period - Shot Misses the Net.
9:44 of 3rd period - Snap shot by T.J Brodie.
9:44 of 3rd period - Shot Misses the Net.
10:02 of 3rd period - Wrist shot by Tyler Randell.
10:02 of 3rd period - Goal by Tyler Randell - Carnivores : 3 - Patriotes : 7.
10:03 of 3rd period - Markus Granlund wins face-off versus Tyler Randell in neutral zone.
10:05 of 3rd period - Off-side.
10:06 of 3rd period - Cody Eakin wins face-off versus Markus Granlund in neutral zone.
10:17 of 3rd period - Snap shot by Jeremy Williams.
10:17 of 3rd period - Shot Misses the Net.
10:53 of 3rd period - Snap shot by Borna Rendulic.
10:53 of 3rd period - Deflect By Aleksander Barkov.
10:53 of 3rd period - Shot Misses the Net.
10:53 of 3rd period - Puck is out of play.
10:54 of 3rd period - Aleksander Barkov wins face-off versus Curtis Lazar in Carnivores zone.
11:18 of 3rd period - Icing by David Kolomatis.
11:19 of 3rd period - Cody Eakin wins face-off versus Markus Granlund in Patriotes zone.
11:19 of 3rd period - Cody Eakin is hit by David Fischer.
12:09 of 3rd period - Snap shot by Nicolas Kerdiles.
12:09 of 3rd period - Stopped by Thomas Greiss with a rebound.
12:11 of 3rd period - Slapshot by Chris Lawrence.
12:11 of 3rd period - Stopped by Thomas Greiss with a rebound.
12:13 of 3rd period - Slapshot by David Fischer.
12:13 of 3rd period - Shot Blocked by Borna Rendulic.
12:15 of 3rd period - Wrist shot by Mattias Backman.
12:15 of 3rd period - Deflect By Chris Lawrence.
12:15 of 3rd period - Stopped by Thomas Greiss with a rebound.
12:17 of 3rd period - Backhand shot by Nicolas Kerdiles.
12:17 of 3rd period - Shot Misses the Net.
12:19 of 3rd period - Slapshot by Mattias Backman.
12:19 of 3rd period - Stopped by Thomas Greiss with a rebound.
12:30 of 3rd period - Off-side.
12:31 of 3rd period - Jared Knight wins face-off versus Tyler Graovac in neutral zone.
12:38 of 3rd period - Wrist shot by Cody Eakin.
12:38 of 3rd period - Shot Misses the Net.
12:40 of 3rd period - Slapshot by Shane Sims.
12:40 of 3rd period - Stopped by Niklas Svedberg with a rebound.
12:42 of 3rd period - Slapshot by Cody Eakin.
12:42 of 3rd period - Shot Misses the Net.
12:44 of 3rd period - Snap shot by David Kolomatis.
12:44 of 3rd period - Shot Blocked by Nikita Alexeev.
12:46 of 3rd period - Slapshot by David Kolomatis.
12:46 of 3rd period - Stopped by Niklas Svedberg without a rebound.
12:47 of 3rd period - Markus Granlund wins face-off versus Cody Eakin in Carnivores zone.
12:47 of 3rd period - Markus Granlund is hit by Justin Florek.
13:05 of 3rd period - Markus Granlund is hit by David Kolomatis and loses puck.
13:20 of 3rd period - Snap shot by Emerson Etem.
13:20 of 3rd period - Shot Misses the Net.
13:22 of 3rd period - Backhand shot by Shane Sims.
13:22 of 3rd period - Shot Misses the Net.
14:02 of 3rd period - Slapshot by David Schlemko.
14:02 of 3rd period - Shot Misses the Net.
14:45 of 3rd period - Snap shot by Tyler Randell.
14:45 of 3rd period - Shot Misses the Net.
14:47 of 3rd period - Slapshot by Anthony Bitetto.
14:47 of 3rd period - Stopped by Niklas Svedberg with a rebound.
14:57 of 3rd period - Shea Theodore is hit by Jeremy Welsh and loses puck.
15:04 of 3rd period - Snap shot by Zack Smith.
15:04 of 3rd period - Stopped by Thomas Greiss without a rebound.
15:05 of 3rd period - Markus Granlund wins face-off versus Christian Hanson in Patriotes zone.
15:06 of 3rd period - Wrist shot by Jeremy Williams.
15:06 of 3rd period - Stopped by Thomas Greiss without a rebound.
15:07 of 3rd period - Christian Hanson wins face-off versus Markus Granlund in Patriotes zone.
15:14 of 3rd period - Slapshot by Blake Geoffrion.
15:14 of 3rd period - Stopped by Thomas Greiss with a rebound.
15:16 of 3rd period - Wrist shot by Markus Granlund.
15:16 of 3rd period - Stopped by Thomas Greiss with a rebound.
15:18 of 3rd period - Snap shot by Blake Geoffrion.
15:18 of 3rd period - Shot Blocked by Aaron Ness.
15:20 of 3rd period - Slapshot by Sasha Pokulok.
15:20 of 3rd period - Stopped by Thomas Greiss without a rebound.
15:21 of 3rd period - Markus Granlund wins face-off versus Justin Florek in Patriotes zone.
15:26 of 3rd period - Tyler Randell and Jeremy Williams fight to a draw.
15:26 of 3rd period - Penalty to Tyler Randell for Fighting.
15:26 of 3rd period - Penalty to Jeremy Williams for Fighting.
15:27 of 3rd period - Markus Granlund wins face-off versus Cody Eakin in neutral zone.
15:42 of 3rd period - Snap shot by Markus Granlund.
15:42 of 3rd period - Stopped by Thomas Greiss without a rebound.
15:43 of 3rd period - Jeremy Welsh wins face-off versus Austin Watson in Patriotes zone.
15:44 of 3rd period - Wrist shot by Zack Smith.
15:44 of 3rd period - Stopped by Thomas Greiss with a rebound.
16:08 of 3rd period - Timothy Kunes is hit by Mattias Backman and loses puck.
16:21 of 3rd period - Wrist shot by Blake Geoffrion.
16:21 of 3rd period - Stopped by Thomas Greiss without a rebound.
16:22 of 3rd period - Markus Granlund wins face-off versus Christian Hanson in Patriotes zone.
16:27 of 3rd period - Slapshot by T.J Brodie.
16:27 of 3rd period - Shot Hit the Post.
16:29 of 3rd period - Snap shot by Curtis Lazar.
16:29 of 3rd period - Goal by Curtis Lazar - Carnivores : 4 - Patriotes : 7.
16:30 of 3rd period - Cody Eakin wins face-off versus Markus Granlund in neutral zone.
16:39 of 3rd period - Wrist shot by Markus Granlund.
16:39 of 3rd period - Stopped by Thomas Greiss with a rebound.
16:41 of 3rd period - Slapshot by David Schlemko.
16:41 of 3rd period - Shot Blocked by Cody Eakin.
17:14 of 3rd period - Snap shot by Aleksander Barkov.
17:14 of 3rd period - Stopped by Niklas Svedberg without a rebound.
17:15 of 3rd period - Tyler Graovac wins face-off versus Aleksander Barkov in Carnivores zone.
17:22 of 3rd period - Wrist shot by Nikita Alexeev.
17:22 of 3rd period - Shot Misses the Net.
17:54 of 3rd period - Slapshot by Shane Sims.
17:54 of 3rd period - Stopped by Niklas Svedberg with a rebound.
17:56 of 3rd period - Snap shot by Shane Sims.
17:56 of 3rd period - Stopped by Niklas Svedberg with a rebound.
17:58 of 3rd period - Wrist shot by Aleksander Barkov.
17:58 of 3rd period - Deflect By Mario Lucia.
17:58 of 3rd period - Stopped by Niklas Svedberg without a rebound.
17:59 of 3rd period - Cody Eakin wins face-off versus Markus Granlund in Carnivores zone.
18:11 of 3rd period - Off-side.
18:12 of 3rd period - Blake Geoffrion wins face-off versus Cody Eakin in neutral zone.
18:21 of 3rd period - Wrist shot by Blake Geoffrion.
18:21 of 3rd period - Deflect By Justin Florek.
18:21 of 3rd period - Stopped by Thomas Greiss without a rebound.
18:22 of 3rd period - Markus Granlund wins face-off versus Cody Eakin in Patriotes zone.
18:23 of 3rd period - Slapshot by Blake Geoffrion.
18:23 of 3rd period - Deflect By Justin Florek.
18:23 of 3rd period - Shot Misses the Net.
18:23 of 3rd period - Puck is out of play.
18:24 of 3rd period - Ryan Fitzgerald wins face-off versus Markus Granlund in Patriotes zone.
18:24 of 3rd period - Ryan Fitzgerald is hit by Blake Geoffrion.
18:27 of 3rd period - Minor Penalty to Justin Florek for Boarding.
18:28 of 3rd period - Cody Eakin wins face-off versus Markus Granlund in Patriotes zone.
18:55 of 3rd period - Cody Eakin is hit by Zack Smith and loses puck.
19:32 of 3rd period - David Kolomatis is hit by Blake Geoffrion.
19:50 of 3rd period - Snap shot by Nicolas Kerdiles.
19:50 of 3rd period - Stopped by Thomas Greiss without a rebound.
19:51 of 3rd period - Tyler Graovac wins face-off versus Christian Hanson in Patriotes zone.
19:58 of 3rd period - Wrist shot by Nicolas Kerdiles.
19:58 of 3rd period - Shot Misses the Net.
Goals for this period are 1 for Carnivores vs 3 for Patriotes.
Shots for this period are 19 for Carnivores vs 16 for Patriotes.
Back to the Top